 Dungeon Crawl Stone Soup version 0.29-a0-275-g389c0b56f3 (webtiles) character file.

Game seed: 10168976219322444807

584 YayAnonymity the Sneak (level 7, 0/32 HPs)
             Began as a Spriggan Enchanter on Mar 13, 2022.
             Slain by an ice beast (10 damage)
             ... on level 4 of the Dungeon.
             The game lasted 00:08:33 (4744 turns).

YayAnonymity the Sneak (Spriggan Enchanter)         Turns: 4744, Time: 00:08:34

Health: 0/32       AC:  3    Str:  4    XL:     7   Next: 14%
Magic:  14/14      EV: 17    Int: 17    God:
Gold:   192        SH:  0    Dex: 17    Spells: 12/14 levels left

rFire   . . .      SeeInvis +   r - +0 dagger (venom)
rCold   . . .      Faith    .   (no shield)
rNeg    . . .      Spirit   .   b - +0 robe
rPois   .          Reflect  .   (helmet restricted)
rElec   .          Harm     .   h - +0 cloak
rCorr   .          Rampage  .   (gloves unavailable)
Will    +....                   (boots unavailable)
Stlth   ++++......              (no amulet)
HPRegen 0.10/turn               (no ring)
MPRegen 0.14/turn               (no ring)

@: very quick
A: very small, no large weapons, unfitting armour, see invisible, speed 3
a: no special abilities


You were on level 4 of the Dungeon.
You visited 1 branch of the dungeon, and saw 5 of its levels.

You collected 192 gold pieces.

Inventory:

Hand Weapons
 r - a +0 dagger of venom (weapon)
Missiles
 e - 9 poisoned darts
 f - 128 stones (quivered)
Armour
 b - a +0 robe (worn)
 h - a +0 cloak (worn)
Jewellery
 m - a ring of positive energy
Wands
 l - a wand of paralysis (9)
Scrolls
 d - 2 scrolls of fear
 i - 4 scrolls of teleportation
 n - a scroll of identify {unknown}
 o - 2 scrolls of amnesia
 q - a scroll of torment {unknown}
Potions
 c - 3 potions of invisibility
 g - 2 potions of attraction {unknown}
 j - a potion of ambrosia {unknown}
 k - a potion of lignification {unknown}
 p - 2 potions of curing {unknown}


   Skills:
 * Level 6.0 Short Blades
 - Level 2.6 Dodging
 + Level 7.3 Stealth
 - Level 4.0 Spellcasting
 - Level 5.0 Hexes


You had 12 spell levels left.
You knew the following spells:

 Your Spells              Type           Power      Damage    Failure   Level
a - Ensorcelled Hibernat  Hex/Ice        22%        N/A       9%          2

Your spell library contained the following spells:

 Spells                   Type           Power      Damage    Failure   Level
 Confusing Touch          Hex            20%        N/A       6%          3
 Tukima's Dance           Hex            20%        N/A       6%          3
 Sandblast                Erth           6%         2d5       16%         1
 Dazzling Flash           Conj/Hex       22%        N/A       17%         3
 Portal Projectile        Hex/Tloc       22%        N/A       17%         3
 Passwall                 Tmut/Erth      2%         N/A       24%         2
 Sublimation of Blood     Necr           3%         N/A       24%         2
 Call Canine Familiar     Summ           3%         N/A       43%         3
 Conjure Flame            Conj/Fire      3%         6-21      43%         3
 Ignite Poison            Fire/Tmut/Pois 3%         N/A       43%         3
 Stone Arrow              Conj/Erth      6%         3d7       43%         3
 Leda's Liquefaction      Hex/Erth       5%         N/A       50%         4
 Petrify                  Tmut/Erth      3%         N/A       83%         4
 Sticky Flame             Conj/Fire      3%         2d3       83%         4
 Irradiate                Conj/Tmut      1%         3d14      99%         5


Dungeon Overview and Level Annotations

Branches:
Dungeon (5/15)
 Temple: D:4-7

Altars:
Sif Muna


Innate Abilities, Weirdness & Mutations

You are very small and have problems with some larger weapons.
You are too small for most types of armour.
You have supernaturally acute eyesight. (SInv)
You cover ground extremely quickly. (Speed+++)


Message History

The hound attacks as you move away! The hound closely misses you.
The hound misses you.
You kill the hound!
Your Short Blades skill increases to level 6!
Casting: Ensorcelled Hibernation (safe; 9% risk of failure)
Confirm with . or Enter, or press ? or * to list all spells.
You can't see any susceptible monsters within range! (Use Z to cast anyway.)
Casting: Ensorcelled Hibernation (safe; 9% risk of failure)
Confirm with . or Enter, or press ? or * to list all spells.
You can't see any susceptible monsters within range! (Use Z to cast anyway.)
You completely miss the ice beast.
The ice beast is severely wounded.
You hit the ice beast but do no damage.
The ice beast is severely wounded.
The ice beast hits you. The ice beast freezes you!
* * * LOW HITPOINT WARNING * * *
The ice beast looks more healthy.
You closely miss the ice beast.
The ice beast is almost dead.
The ice beast misses you.
You hit the ice beast but do no damage.
The ice beast is almost dead.
The ice beast barely misses you.
There is a stone staircase leading up here.
You hit the ice beast but do no damage.
The ice beast is almost dead.
The ice beast completely misses you.
An ice beast comes into view.
There is an escape hatch in the ceiling here.
Casting: Ensorcelled Hibernation (safe; 9% risk of failure)
Confirm with . or Enter, or press ? or * to list all spells.
You can't see any susceptible monsters within range! (Use Z to cast anyway.)
You barely miss the ice beast.
The ice beast is severely wounded.
The ice beast barely misses you. The ice beast misses you.
A mysterious force pulls you upwards. The hatch slams shut behind you.
The ice beast attacks as you move away! The ice beast hits you.
The ice beast freezes you!
You die...

####.....#.....####..#.
##.###.##.####.......<..
##.#.##.##.# #.........#
#.###...##.# #.#####.###
##.#.#####.## #.# #.....
##.## ##...###.# #..##.
#.####.#.#.##.# #..##.
#....Y......#.# #..##.
######@#.#.##.# #..##)
##....##.####..##.
##.#..........##.
#...............
######.####.####
#......# ########


You could see an ice beast.

Vanquished Creatures
  Sigmund (D:4)
  A black bear (D:5)
  An ogre (D:4)
  A howler monkey (D:4)
  3 hounds
  3 gnolls (D:4)
  An adder (D:5)
  An ufetubus (D:3)
  2 worms
  5 dart slugs
  An orc (D:5)
  5 bats
  4 endoplasms
  A giant cockroach (D:1)
  12 goblins
  7 hobgoblins
  3 quokkas
  6 ball pythons
  8 kobolds
  6 rats
72 creatures vanquished.

Notes
Turn   | Place    | Note
-------+----------+-------------------------------------------
     0 | D:1      | YayAnonymity the Spriggan Enchanter began the quest for the
                  | Orb.
     0 | D:1      | Reached XP level 1. HP: 9/9 MP: 5/5
   123 | D:1      | Reached XP level 2. HP: 13/13 MP: 6/6
   126 | D:1      | Learned a level 2 spell: Ensorcelled Hibernation
   776 | D:1      | Reached XP level 3. HP: 15/16 MP: 1/8
  1479 | D:2      | Reached skill level 5 in Stealth
  1819 | D:2      | Found a faded altar of an unknown god.
  2979 | D:3      | Reached XP level 4. HP: 21/21 MP: 10/10
  3343 | D:3      | Found a shimmering blue altar of Sif Muna.
  3437 | D:4      | Noticed an ogre
  3675 | D:4      | Noticed an ogre
  3753 | D:4      | Killed an ogre
  3754 | D:4      | Reached XP level 5. HP: 13/24 MP: 1/11
  3979 | D:4      | Reached skill level 6 in Stealth
  4440 | D:4      | Noticed Sigmund
  4444 | D:4      | Killed Sigmund
  4445 | D:4      | Reached skill level 5 in Short Blades
  4445 | D:4      | Reached skill level 5 in Hexes
  4445 | D:4      | Reached XP level 6. HP: 28/28 MP: 13/13
  4484 | D:5      | Entered Level 5 of the Dungeon
  4572 | D:5      | Reached skill level 7 in Stealth
  4572 | D:5      | Reached XP level 7. HP: 32/32 MP: 9/14
  4744 | D:4      | Slain by an ice beast

Illustrated notes

Levels and vault maps discovered:
D:1:      psy_arrival_dodecagon, layout_basic
D:2:      layout_basic, ebering_ecumenical_altar_webs
D:3:      layout_loops_corners, lemuel_blue_sif_altar
D:4:      layout_loops_ring, uniq_sigmund
D:5:      layout_basic, minmay_temple_entry_butterflies

Skill      XL: |  1  2  3  4  5  6  7 |
---------------+----------------------+-----
Spellcasting   | 3 4 |  4.0
Short Blades   | 2 3 5 6 |  6.0
Hexes          | 4 5 |  5.0
Stealth        | 5 6 7 |  7.3
Dodging        | |  2.6

Action                   |  1- 3 |  4- 6 |  7- 9 || total
-------------------------+-------+-------+-------++-------
Melee: Dagger            |   100 |    56 |    17 ||   173
       Punch             |     1 |     1 |     1 ||     3
Throw: Stone             |     1 |       |       ||     1
 Cast: Ensorcelled Hiber |    31 |    19 |     1 ||    51
  Use: Scroll            |     6 |       |       ||     6
 Stab: Sleeping          |    31 |    18 |       ||    49
Armor: Robe              |     8 |     3 |     3 ||    14
Dodge: Dodged            |    55 |    26 |    13 ||    94

Table legend: (Time is in decaauts)
 A = Elapsed time spent in this place.
 B = Non-inter-level travel time spent in this place.
 C = Inter-level travel time spent in this place.
 D = Time resting spent in this place.
 E = Time spent auto-exploring this place.
 F = Levels seen in this place.
 G = Mean time per level.
                   A        B        C        D        E       F      G
               +--------+--------+--------+--------+--------+-----+--------+
         Total |   3392 |   3181 |    211 |    188 |   2340 |   5 |  678.4 |
       Dungeon |   3392 |   3181 |    211 |    188 |   2340 |   5 |  678.4 |
               +--------+--------+--------+--------+--------+-----+--------+

Top non-repeatable levels by time:
     D:1: 974 daAuts
     D:2: 757 daAuts
     D:4: 756 daAuts
     D:3: 711 daAuts
     D:5: 192 daAuts
